cohdb
Replays
Latest Replays
All Replays
Popular Replays
Top Player Replays
Match Explorer
How It Works
Community
CoH3 Stats
Reddit
Sign in to upload your games and track your stats! →
Sign in with Steam
Match 47741997
Unlisted
Match 47741997
Overview
Messages
Build Orders
End
Construct Section Command Post
Dingo Light Scout Car
Infantry Section
Infantry Section
Infantry Section
Construct Platoon Command Post
Infantry Training
CMP 15cwt Truck
Vickers Machine Gun Team
Selects Air and Sea Battlegroup
Selects Commando Section Paradrop
Selects Commando Support Section Paradrop
Commando Support Section Paradrop
Construct Company Command Post
Foot Guards Section
Royal Engineer Section
Unlock M3 Grant Medium Tanks
Selects Supply Surplus
Selects Anti-tank Rocket Loiter
M3 Grant Medium Tank
Royal Engineer Section
Selects UNKNOWN (223837)
Unlock Bishop Self-propelled Artillery
Bishop Self-propelled Artillery
Thoton
Arno Breker
WuTFaCe
kamacura
Jerking Hans
Green Sea Squash
0
0
Comments
sign in to comment!
No comments posted yet!